 Dungeon Crawl Stone Soup version 0.32-a0-872-g59262bd (webtiles) character file.

Game seed: 28483845487859414

378 AlexanderH the Gusty (level 6, 0/52 HPs)
             Began as a Draconian Air Elementalist on Mar 30, 2024.
             Slain by Pikel the harpy (5 damage)
             ... on level 4 of the Dungeon.
             The game lasted 00:05:18 (3269 turns).

AlexanderH the Gusty (Draconian Air Elementalist)   Turns: 3269, Time: 00:05:19

Health: 0/52       AC:  9    Str: 11    XL:     6   Next: 45%
Magic:  0/9        EV: 11    Int: 17    God:
Gold:   154        SH:  0    Dex: 11    Spells: 6/9 levels left

rFire   . . .        d - +4 dagger
rCold   . . .        (no shield)
rNeg    . . .        (body armour unavailable)
rPois   .            (helmet restricted)
rElec   .            (no cloak)
rCorr   .            (no gloves)
SInv    .            c - +2 pair of boots
Will    .....        (no amulet)
Stlth   ++           (no ring)
HPRegen 0.28/turn    (no ring)
MPRegen 0.11/turn

%: no passive effects
@: no status effects
A: AC +6, unfitting armour, cold-blooded
a: no special abilities


You were on level 4 of the Dungeon.
You visited 2 branches of the dungeon, and saw 5 of its levels.

You collected 154 gold pieces.

Inventory:

Hand Weapons
 d - a +4 dagger (weapon)
 i - a +0 flail
Armour
 c - a +2 pair of boots (worn)
Wands
 q - a wand of polymorph (7)
Scrolls
 e - 3 scrolls of identify
 h - 2 scrolls of torment
 j - a scroll of brand weapon {unknown}
 k - a scroll of teleportation {unknown}
 l - a scroll of vulnerability {unknown}
 o - a scroll of immolation {unknown}
 p - 2 scrolls of fog {unknown}
 r - a scroll of acquirement {unknown}
Potions
 a - a potion of magic
 b - 2 potions of might {unknown}
 f - a potion of mutation {unknown}
 g - 3 potions of degeneration {unknown}
 m - a potion of lignification {unknown}
 n - a potion of invisibility {unknown}
 s - a potion of haste {unknown}


   Skills:
 + Level 4.0 Fighting
 - Level 1.7 Dodging
 - Level 1.7 Stealth
 - Level 2.0 Spellcasting
 + Level 3.8 Conjurations
 + Level 4.8 Air Magic


You had 6 spell levels left.
You knew the following spells:

 Your Spells              Type           Power      Damage    Failure   Level
a - Shock                 Conj/Air       64%        1d7       3%          1
b - Static Discharge      Conj/Air       32%        3-5/arc   4%          2

Your spell library contained the following spells:

 Spells                   Type           Power      Damage    Failure   Level
 Swiftness                Air            18%        N/A       9%          3
 Mercury Vapours          Alch/Air       18%        N/A       11%         2
 Mephitic Cloud           Conj/Alch/Air  11%        N/A       19%         3
 Airstrike                Air            9%         2d(2-18)  26%         4
 Scorch                   Fire           2%         2d5       28%         2
 Summon Lightning Spire   Summ/Air       9%         N/A       58%         4
 Flame Wave               Conj/Fire      8%         2d5       65%         4
 Freezing Cloud           Conj/Ice/Air   5%         6-21      86%         5
 Passage of Golubria      Tloc           1%         N/A       88%         4
 Silence                  Hex/Air        4%         N/A       90%         5
 Lee's Rapid Deconstruct  Erth           0%         3d4*      99%         5
 Summon Cactus Giant      Summ           0%         N/A       100%        6
 Lehudib's Crystal Spear  Conj/Erth      4%         10d3      100%        8
 Animate Armour           Summ/Erth      Unusable   N/A       N/A         4

Dungeon Overview and Level Annotations

Branches:
Dungeon (4/15)             Temple (1/1) D:4

Altars:
Cheibriados
Fedhas
Gozag
Hepliaklqana
Kikubaaqudgha
Makhleb
Nemelex Xobeh
Okawaru
Qazlal
Ru
Sif Muna
Trog
Uskayaw
Wu Jian
Xom
Yredelemnul
Zin
The Shining One

Shops:
D:3 :

Annotations:
D:4 Pikel


Innate Abilities, Weirdness & Mutations

Your plain brown scales are hard. (AC +6)
You cannot fit into any form of body armour.
You are cold-blooded and may be slowed by cold attacks.


Message History

You closely miss Pikel.
Pikel is heavily wounded.
Pikel zaps a wand.
The puff of flame misses you.
You hit Pikel.
Pikel is heavily wounded.
Pikel hits you with a +2 whip of flaming!
Pikel burns you.
Casting: Static Discharge (safe; 4% risk of failure)
Confirm with . or Enter, or press ? or * to list all spells.
Aiming: Shock (safe; 3% risk of failure)
Press: ? - help, Shift-Dir - straight line, f/p - Pikel
Aim: Pikel, wielding a +2 whip of flaming, wearing a +0 robe and carrying a wand of flame (heavily wounded, 64% to hit)
The zap misses Pikel.
The zap misses the lemure.
The zap hits the lemure.
The lemure is lightly wounded.
Pikel zaps a wand.
The puff of flame hits you.
Casting: Shock (safe; 3% risk of failure)
Confirm with . or Enter, or press ? or * to list all spells.
You don't have enough magic to cast this spell.
Unknown command.
Unknown command.
Aiming: Polymorph
Press: ? - help, Shift-Dir - straight line, f/p - Pikel
Aim: Pikel, wielding a +2 whip of flaming, wearing a +0 robe and carrying a wand of flame (heavily wounded, will become a harpy, a hornet, or a hog, chance to affect: 49%) Pikel evaporates and reforms as a harpy!
Pikel closely misses you. Pikel claws you but does no damage.
Aiming: Polymorph
Press: ? - help, Shift-Dir - straight line, f/p - Pikel
Aim: Pikel the harpy (heavily wounded, will become a hornet, a fire bat, or a golden eye, chance to affect: 49%) Pikel resists with some effort.
Pikel claws you!
* * * LOW HITPOINT WARNING * * *
Pikel claws you.
* * * LOW HITPOINT WARNING * * *
Pikel closely misses you. Pikel claws you but does no damage.
Unknown command.
Aiming: Polymorph
Press: ? - help, Shift-Dir - straight line, f/p - Pikel
Aim: Pikel the harpy (heavily wounded, will become a hornet, a fire bat, or a golden eye, chance to affect: 49%) Pikel resists with some effort.
Pikel claws you.
You die...
Pikel says, "Another soul for the market."

.#.#####...##########
###......#..).......#
.#.####....########.# #.##
##.#.##### #.# ..#
##.......># #.#
..###.....###.#####.##
..)........##........#
#.###..>...##...÷##..#
#.#............#@##..#
#.#.###.......##H##..#
........#####.##5##..#####
####.##.# #.#.55#..#[..#
#.##.# #........#...###
#.##.# #.#...#K.......#
#.##.# #.##..)..†.....#
#.##.. (.#####..5.....#
#.#### #### ##.#...###


You could see Pikel the harpy and 3 lemures.

Vanquished Creatures
  A lemure (D:4)
  A bullfrog (D:4)
  A scorpion (D:4)
  3 bombardier beetles
  A jelly (D:4)
  A hound (D:4)
  4 adders
  A ribbon worm (D:2)
  2 bats (D:3)
  An endoplasm (D:1)
  4 giant cockroaches
  2 goblins (D:1)
  7 hobgoblins
  5 jackals
  A quokka (D:1)
  3 ball pythons
  3 frilled lizards
  7 kobolds
  6 rats
54 creatures vanquished.

Notes
Turn   | Place    | Note
-------+----------+-------------------------------------------
     0 | D:1      | AlexanderH the Draconian Air Elementalist began the quest
                  | for the Orb.
     0 | D:1      | Reached XP level 1. HP: 14/14 MP: 3/3
   192 | D:1      | Reached XP level 2. HP: 22/22 MP: 5/5
   221 | D:1      | Reached skill level 1 in Fighting
   365 | D:1      | Found a faded altar of an unknown god.
  1090 | D:2      | Reached XP level 3. HP: 28/28 MP: 4/6
  1093 | D:2      | Learned a level 2 spell: Static Discharge
  1768 | D:2      | Reached XP level 4. HP: 23/37 MP: 2/7
  2053 | D:3      | Found a sacrificial altar of Ru.
  2222 | D:3      | Reached XP level 5. HP: 44/44 MP: 2/8
  2278 | D:3      | Found Haecois's Book Shop.
  2301 | D:3      | Found an opulent altar of Gozag.
  2345 | D:3      | Found a bloodstained altar of Trog.
  2732 | D:4      | Found a staircase to the Ecumenical Temple.
  2767 | Temple   | Entered the Ecumenical Temple
  2946 | D:4      | Reached XP level 6. HP: 32/52 MP: 9/9
  3242 | D:4      | Noticed Pikel
  3267 | D:4      | Pikel changed into Pikel the harpy
  3267 | D:4      | Noticed Pikel
  3269 | D:4      | Slain by Pikel the harpy

Illustrated notes

Levels and vault maps discovered:
D:1:      dpeg_arrival_connections, layout_loops_cross,
          shapermc_ecumenical_altar_mp_highgroup
D:2:      layout_loops_corners, minmay_distorted
D:3:      layout_loops_cross, mainiacjoe_overflow_cross_hatched,
          mainiacjoe_overflow_concentric_impassable,
          nicolae_gozag_cash_rules_everything_around_me, serial_shops, shop
D:4:      layout_loops_ring, minmay_temple_entry_offerings, uniq_pikel
Temple:   nicolae_temple_no_exploring_needed

Skill      XL: |  1  2  3  4  5  6 |
---------------+-------------------+-----
Fighting       | 1 2 3 4 |  4.0
Conjurations   | 2 3 |  3.8
Air Magic      | 4 |  4.8
Dodging        | |  1.7
Stealth        | |  1.7
Spellcasting   | |  2.0

Action                     |  1- 3 |  4- 6 || total
---------------------------+-------+-------++-------
  Melee: Dagger            |    68 |    83 ||   151
         Mace              |     2 |       ||     2
         Tailslap          |    11 |     8 ||    19
   Cast: Shock             |    17 |    28 ||    45
         Static Discharge  |     2 |     6 ||     8
  Evoke: Wand              |       |     3 ||     3
    Use: Scroll            |       |     1 ||     1
   Stab: Sleeping          |     4 |     1 ||     5
 Armour: Skin              |    32 |    71 ||   103
  Dodge: Dodged            |    36 |    57 ||    93

Table legend: (Time is in decaauts)
 A = Elapsed time spent in this place.
 B = Non-inter-level travel time spent in this place.
 C = Inter-level travel time spent in this place.
 D = Time resting spent in this place.
 E = Time spent auto-exploring this place.
 F = Levels seen in this place.
 G = Mean time per level.
                   A        B        C        D        E       F      G
               +--------+--------+--------+--------+--------+-----+--------+
         Total |   3268 |   3191 |     77 |    455 |   2258 |   5 |  653.6 |
       Dungeon |   3266 |   3190 |     76 |    455 |   2258 |   4 |  816.5 |
        Temple |      1 |      0 |      1 |      0 |      0 |   1 |    1.0 |
               +--------+--------+--------+--------+--------+-----+--------+

Top non-repeatable levels by time:
     D:2: 1172 daAuts
     D:1: 781 daAuts
     D:3: 771 daAuts
     D:4: 540 daAuts
  Temple: 1 daAuts
